 Dungeon Crawl Stone Soup version 0.30-a0-358-g0d69a1922f (webtiles) character file.

Game seed: 2037731438762726228

7360 Manisia the Covert (level 10, -13/50 HPs)
             Began as a Spriggan Enchanter on Nov 10, 2022.
             Was a Follower of Dithmenos.
             Killed by divine providence
             ... invoked by a meliai
              (17 damage)
             ... on level 8 of the Dungeon.
             The game lasted 00:20:20 (8913 turns).

Manisia the Covert (Spriggan Enchanter)             Turns: 8913, Time: 00:20:21

Health: -13/50     AC:  3    Str:  4    XL:     10   Next: 91%
Magic:  14/25      EV: 27    Int: 20    God:    Dithmenos [*.....]
Gold:   571        SH:  0    Dex: 23    Spells: 20/29 levels left

rFire   . . .      SeeInvis +    p - +8 dagger (speed)
rCold   . . .      Faith    .    (no shield)
rNeg    . . .      Spirit   .    b - +0 robe
rPois   .          Reflect  .    (helmet restricted)
rElec   .          Harm     .    v - +0 cloak
rCorr   .          Rampage  .    (gloves unavailable)
Will    +....                    (boots unavailable)
Stlth   ++++++....               m - amulet of the acrobat
HPRegen 0.28/turn                d - +6 ring of dexterity
MPRegen 0.19/turn                l - +4 ring of evasion

@: wreathed by umbra, very quick
A: very small, no large weapons, unfitting armour, see invisible, speed 3
a: Renounce Religion


You were on level 8 of the Dungeon.
You worshipped Dithmenos.
Dithmenos was aware of your devotion.
You visited 2 branches of the dungeon, and saw 10 of its levels.
You also visited: Sewer.

You collected 571 gold pieces.

Inventory:

Hand Weapons
 a - a +1 dagger
 p - a +8 dagger of speed (weapon)
 s - a +2 vampiric dagger
Missiles
 j - 31 poisoned darts
Armour
 b - a +0 robe (worn)
 v - a +0 cloak (worn)
Jewellery
 c - a ring of resist corrosion
 d - a +6 ring of dexterity (left hand)
 f - an amulet of reflection
 l - a +4 ring of evasion (right hand)
 m - an amulet of the acrobat (around neck)
 o - a ring of willpower
Wands
 x - a wand of flame (2)
 z - a wand of paralysis (9)
Scrolls
 g - a scroll of amnesia
 k - 3 scrolls of fear {unknown}
 q - a scroll of immolation
 w - a scroll of summoning
 y - a scroll of butterflies
Potions
 e - 3 potions of mutation
 h - a potion of lignification
 i - a potion of might
 n - a potion of brilliance {unknown}
 r - a potion of cancellation
 t - a potion of magic {unknown}


   Skills:
 + Level 4.2 Fighting
 + Level 9.8 Short Blades
 + Level 6.8 Dodging
 - Level 10.0 Stealth
 - Level 10.0 Spellcasting
 + Level 1.8 Conjurations
 - Level 8.0 Hexes
 - Level 3.0 Ice Magic


You had 20 spell levels left.
You knew the following spells:

 Your Spells              Type           Power      Damage    Failure   Level
a - Ensorcelled Hibernat  Hex/Ice        64%        N/A       1%          2
b - Confusing Touch       Hex            42%        N/A       1%          3
c - Dazzling Flash        Conj/Hex       58%        N/A       2%          3
d - Slow                  Hex            100%       N/A       1%          1

Your spell library contained the following spells:

 Spells                   Type           Power      Damage    Failure   Level
 Tukima's Dance           Hex            42%        N/A       1%          3
 Magic Dart               Conj           68%        1d6       3%          1
 Inner Flame              Hex/Fire       26%        N/A       4%          3
 Necrotise                Necr           40%        1d6       7%          1
 Call Imp                 Summ           10%        N/A       11%         2
 Cigotuvi's Dreadful Rot  Necr/Pois/Air  20%        N/A       11%         2
 Poisonous Vapours        Pois/Air       20%        N/A       11%         2
 Mephitic Cloud           Conj/Pois/Air  12%        N/A       16%         3
 Vampiric Draining        Necr           10%        2d6       21%         3
 Flame Wave               Conj/Fire      13%        2d6       43%         4
 Sticky Flame             Conj/Fire      13%        2d4       43%         4
 Animate Dead             Necr           10%        N/A       56%         4
 Dispel Undead            Necr           10%        3d9       56%         4
 Agony                    Necr           10%        N/A       88%         5
 Borgnjor's Vile Clutch   Necr/Erth      5%         N/A       88%         5
 Death Channel            Necr           5%         N/A       100%        6
 Monstrous Menagerie      Summ           5%         N/A       100%        7
 Orb of Destruction       Conj           8%         9d6       100%        7
 Summon Hydra             Summ           5%         N/A       100%        7


Dungeon Overview and Level Annotations

Branches:
Dungeon (9/15)             Temple (1/1) D:7            Lair (0/5) D:9
    Orc (0/2) D:9           Sewer (visited)

Altars:
Ashenzari
Cheibriados
Dithmenos
Elyvilon
Fedhas
Gozag
Kikubaaqudgha
Makhleb
Nemelex Xobeh
Okawaru
Qazlal
Ru
Sif Muna
Trog
Vehumet
Wu Jian
Xom
Yredelemnul
Zin
The Shining One

Shops:
D:3 (   D:5 (

Annotations:
D:9 Gastronok, Joseph


Innate Abilities, Weirdness & Mutations

You are very small and have problems with some larger weapons.
You are too small for most types of armour.
You have supernaturally acute eyesight. (SInv)
You cover ground extremely quickly. (Speed+++)


Message History

The meliai calls down the wrath of its god upon you.
Something smites you!
You hit the kobold.
The kobold is severely wounded.
You completely miss the kobold.
The kobold is severely wounded.
You closely miss the kobold.
The kobold is severely wounded.
The kobold closely misses you.
Casting: Confusing Touch (safe; 1% risk of failure)
Confirm with . or Enter, or press ? or * to list all spells.
Aiming: Ensorcelled Hibernation (safe; 1% risk of failure)
Press: ? - help, Shift-Dir - straight line, f - orc priest
Aim: an orc priest, wielding a +1 broad axe of electrocution (umbra, chance to affect: 62%)
The orc priest looks drowsy...
The kobold completely misses you. The meliai completely misses you.
The meliai stings you!
* * * LOW HITPOINT WARNING * * *
The helpless orc priest fails to defend itself.
You spit the orc priest like a pig!!!!
You kill the orc priest!
Dithmenos accepts your kill.
Casting: Ensorcelled Hibernation (safe; 1% risk of failure)
Confirm with . or Enter, or press ? or * to list all spells.
Aiming: Ensorcelled Hibernation (safe; 1% risk of failure)
Press: ? - help, Shift-Dir - straight line, f - meliai
Aim: a meliai, wielding a +0 war axe and wearing a +0 leather armour (umbra, chance to affect: 62%)
The meliai resists with significant effort.
The meliai completely misses you. The meliai misses you.
The meliai invokes the aid of its god against you.
Something smites you!
* * * LOW HITPOINT WARNING * * *
The kobold misses you. The meliai misses you. The meliai completely misses you.
The meliai attacks as you move away! The meliai completely misses you. x2
The meliai attacks as you move away! The meliai completely misses you.
The meliai misses you. The meliai completely misses you. x2
There is a stone staircase leading up here.
The meliai invokes the aid of its god against you.
Something smites you!
You die...

####### #.>...# #.....#
#.....#######
##################...........#
#........................#####
#)...##########.##........####
#..))........@y.##.....#....##
#.....#########.........)....)
#...)...........########)...##
#..)....#...###...# #....##
#....######.....#J########o###
#....# #####..K.............
##.#.............#.[.)######..
#.######.##.........)....[#..
#####..# #.......##......#..


You could see a meliai.

Vanquished Creatures
  A boulder beetle (D:9)
  Pikel (D:9)
  A deep elf pyromancer (D:8)
  A manticore (D:9)
  Maggie (D:6)
  Sigmund (D:3)
  2 wyverns
  5 yaks (D:9)
  Eustachio (D:5)
  A steam dragon (D:8)
  A vampire mosquito (D:8)
  Menkaure (D:4)
  Edmund (D:6)
  Duvessa (D:4)
  A water moccasin (D:6)
  4 orc warriors
  2 ogres
  A centaur (D:8)
  A phantom (D:4)
  3 kobold brigands
  5 bullfrogs
  2 necrophages (D:5)
  5 scorpions
  Dowan (D:4)
  6 wights
  5 killer bees
  A howler monkey (D:6)
  A gnoll bouda (D:5)
  6 hounds (D:5)
  3 orc priests
  7 iguanas
  10 orc wizards
  8 adders
  9 gnolls
  4 river rats (Sewer)
  A shadow imp (D:7)
  A white imp (D:7)
  An ufetubus (D:6)
  2 worms
  2 dart slugs
  21 orcs
  12 ball pythons
  3 endoplasms
  5 giant cockroaches
  6 goblins
  4 hobgoblins
  4 jackals (D:1)
  32 kobolds
  7 quokkas
  4 bats
  2 frilled lizards (D:1)
  19 rats
230 creatures vanquished.

Notes
Turn   | Place    | Note
-------+----------+-------------------------------------------
     0 | D:1      | Manisia the Spriggan Enchanter began the quest for the Orb.
     0 | D:1      | Reached XP level 1. HP: 9/9 MP: 5/5
   144 | D:1      | Reached XP level 2. HP: 12/13 MP: 6/6
   161 | D:1      | Learned a level 2 spell: Ensorcelled Hibernation
   509 | D:1      | Reached skill level 5 in Stealth
  1545 | D:2      | Reached XP level 3. HP: 16/16 MP: 5/8
  1613 | D:2      | You fall into a shaft and drop 2 floors!
  1674 | D:4      | Noticed Menkaure
  1676 | D:4      | Killed Menkaure
  1677 | D:4      | Reached XP level 4. HP: 21/21 MP: 8/10
  1677 | D:4      | Reached XP level 5. HP: 25/25 MP: 8/11
  1681 | D:4      | Reached skill level 1 in Ice Magic
  1685 | D:4      | Learned a level 3 spell: Confusing Touch
  1689 | D:4      | Learned a level 3 spell: Dazzling Flash
  1797 | D:4      | Noticed a phantom
  1804 | D:4      | Killed a phantom
  1935 | D:4      | Noticed an ogre
  2016 | D:4      | Killed an ogre
  2017 | D:4      | Reached XP level 6. HP: 9/29 MP: 1/13
  2228 | D:4      | Noticed Duvessa
  2233 | D:4      | Killed Duvessa
  2234 | D:4      | Reached skill level 5 in Hexes
  2243 | D:4      | Noticed Dowan
  2248 | D:4      | Killed Dowan
  2249 | D:4      | Reached XP level 7. HP: 24/32 MP: 6/15
  2455 | D:3      | Found a radiant altar of Vehumet.
  2932 | D:3      | Noticed Sigmund
  2938 | D:3      | Killed Sigmund
  2939 | D:3      | Reached skill level 5 in Spellcasting
  2966 | D:3      | Found Banoc's Weapon Boutique.
  3561 | D:2      | Found a shimmering altar of Xom.
  3721 | D:5      | Entered Level 5 of the Dungeon
  3821 | D:5      | Reached skill level 1 in Fighting
  3822 | D:5      | Found a glowing drain.
  3824 | D:5      | Reached skill level 5 in Short Blades
  3860 | D:5      | Reached XP level 8. HP: 11/37 MP: 2/16
  3867 | Sewer    | Entered a sewer
  4574 | D:5      | Noticed Eustachio
  4581 | D:5      | Killed Eustachio
  4988 | D:5      | Found Paibbeky's Weapon Shop.
  5302 | D:6      | Reached skill level 10 in Stealth
  5413 | D:6      | Reached XP level 9. HP: 21/42 MP: 14/19
  5539 | D:6      | Noticed Maggie
  5544 | D:6      | Killed Maggie
  5605 | D:6      | Noticed Edmund
  5624 | D:6      | Killed Edmund
  5932 | D:6      | Learned a level 1 spell: Slow
  6691 | D:7      | Found a staircase to the Ecumenical Temple.
  6749 | D:7      | Reached skill level 1 in Conjurations
  7264 | Temple   | Entered the Ecumenical Temple
  7334 | Temple   | Became a worshipper of Dithmenos the Shadowed
  7511 | D:8      | Noticed a deep elf pyromancer
  7513 | D:8      | Noticed a tengu conjurer
  7525 | D:8      | Killed a deep elf pyromancer
  7526 | D:8      | Reached XP level 10. HP: 48/48 MP: 17/23
  7527 | D:8      | Noticed a centaur warrior
  7672 | D:9      | Noticed a manticore
  7672 | D:9      | Noticed a boulder beetle
  7692 | D:9      | HP: 2/49 [barbs]
  7947 | D:9      | Killed a manticore
  7996 | D:9      | Noticed Joseph
  8000 | D:9      | Noticed a death yak
  8003 | D:9      | Noticed a death yak
  8020 | D:9      | Reached skill level 10 in Spellcasting
  8057 | D:8      | Got A Thorough Guide to Spellcraft
  8156 | D:9      | Noticed a death yak
  8183 | D:9      | Reached skill level 5 in Dodging
  8208 | D:9      | Reached * piety under Dithmenos
  8224 | D:9      | Noticed Pikel
  8226 | D:9      | Killed Pikel
  8288 | D:9      | Killed a boulder beetle
  8428 | D:9      | Noticed Gastronok
  8556 | D:9      | HP: 2/49 [Gastronok (39)]
  8901 | D:8      | HP: 2/50 [meliai/divine providence (13)]
  8913 | D:8      | Killed from afar by a meliai

Illustrated notes

Levels and vault maps discovered:
D:1:      ncdulo_wetmaze, layout_basic, wander_ebering_terrifying_dragon_lair
D:2:      layout_loops_ring, basic_altar
D:3:      layout_loops_cross, mainiacjoe_overflow_alcove_2, serial_shops, shop,
          uniq_sigmund
D:4:      layout_gridville, uniq_menkaure, uniq_duvessa
D:5:      layout_basic, gup_sewer_entry_pipe, serial_shops,
          nicolae_shop_statue_plus, grunt_ministairs_3,
          nicolae_elevator_lobby_plus, uniq_eustachio
D:6:      layout_gridville, uniq_edmund, uniq_maggie
D:7:      layout_basic, minmay_temple_entry_grid, serial_co_window_serial,
          co_window_paths_b, co_window_paths_a, co_window_paths_a,
          co_window_corner_a, co_window_of_opportunity_a,
          co_window_of_opportunity_b, co_window_of_opportunity_c,
          co_window_unsneaky_path_b, co_window_corner_b, glass_columns_a
D:8:      minmay_cut_squares, layout_rooms, wad_dig_loot
D:9:      layout_loops_ring, dpeg_lair_monsters, erik_orc_1, minmay_checkerbox,
          uniq_grum, uniq_pikel, uniq_gastronok, uniq_joseph
Temple:   hellmonk_temple_of_storms

Skill      XL: |  1  2  3  4  5  6  7  8  9 10 |
---------------+-------------------------------+-----
Hexes          | 4 5 6 8 |  8.0
Spellcasting   | 3 4 5 6 8 10 | 10.0
Stealth        | 5 7 10 | 10.0
Short Blades   | 2 3 5 6 8 9 |  9.8
Dodging        | 3 4 6 |  6.8
Ice Magic      | 1 2 3 |  3.0
Fighting       | 1 2 4 |  4.2
Conjurations   | 1 |  1.8

Action                   |  1- 3 |  4- 6 |  7- 9 | 10-12 || total
-------------------------+-------+-------+-------+-------++-------
Melee: Dagger            |    56 |    29 |   307 |   109 ||   501
       Punch             |       |       |     2 |     3 ||     5
 Cast: Ensorcelled Hiber |    19 |    13 |    62 |    30 ||   124
       Confusing Touch   |       |     1 |     3 |     8 ||    12
       Dazzling Flash    |       |       |    15 |     8 ||    23
  Use: Potion            |     1 |       |     3 |     6 ||    10
       Scroll            |     3 |       |    18 |     4 ||    25
 Stab: Invisible         |     4 |       |    19 |     5 ||    28
       Sleeping          |    15 |    10 |    63 |    18 ||   106
       Confused          |       |     2 |     2 |     7 ||    11
       Distracted        |       |       |     1 |     2 ||     3
Armor: Robe              |     2 |     1 |    12 |     5 ||    20
Dodge: Dodged            |    44 |    26 |   214 |   102 ||   386
Block: Other             |     4 |       |       |       ||     4

Table legend: (Time is in decaauts)
 A = Elapsed time spent in this place.
 B = Non-inter-level travel time spent in this place.
 C = Inter-level travel time spent in this place.
 D = Time resting spent in this place.
 E = Time spent auto-exploring this place.
 F = Levels seen in this place.
 G = Mean time per level.
                   A        B        C        D        E       F      G
               +--------+--------+--------+--------+--------+-----+--------+
         Total |   6569 |   6376 |    193 |    366 |   4630 |  11 |  597.2 |
       Dungeon |   6078 |   5890 |    188 |    348 |   4277 |   9 |  675.3 |
        Temple |     85 |     80 |      5 |      0 |     68 |   1 |   85.0 |
         Sewer |    405 |    405 |      0 |     18 |    284 |   1 |  405.0 |
               +--------+--------+--------+--------+--------+-----+--------+

Top non-repeatable levels by time:
     D:1: 834 daAuts
     D:9: 797 daAuts
     D:6: 797 daAuts
     D:7: 772 daAuts
     D:5: 733 daAuts
     D:3: 633 daAuts
     D:4: 614 daAuts
     D:2: 603 daAuts
   Sewer: 405 daAuts
     D:8: 292 daAuts
  Temple: 85 daAuts
